 Dungeon Crawl Stone Soup version 0.32-a0-909-gc671339a80 (webtiles) character file.

Game seed: 14093613307732216419

4080 pokeman the Thaumaturge (level 10, -1/55 (56) HPs)
             Began as a Deep Elf Hedge Wizard on Apr 6, 2024.
             Was a Believer of Vehumet.
             Slain by a wight
             ... wielding a +0 great sword
              (7 damage)
             ... on level 8 of the Dungeon.
             The game lasted 00:19:48 (8402 turns).

pokeman the Thaumaturge (Deep Elf Hedge Wizard)     Turns: 8402, Time: 00:19:49

HP:   -1/55 (56)    AC:  8    Str:  7    XL:     10   Next: 5%
MP:   26/29         EV: 11    Int: 24    God:    Vehumet [**....]
Gold: 361           SH:  0    Dex: 14    Spells: 15/35 levels left

rFire   . . .        B - +2 flail "Vieggeti" {venom, Will+ rCorr Stlth+}
rCold   . . .        (no shield)
rNeg    + . .        b - +3 leather armour "Ikkipreaka" {rElec rN+ rCorr}
rPois   .            u - +2 hat
rElec   +            (no cloak)
rCorr   +            (no gloves)
SInv    .            (no boots)
Will    +++..        r - amulet of magic regeneration
Stlth   +++          p - ring of willpower
HPRegen 0.29/turn    (no ring)
MPRegen 0.61/turn

%: no passive effects
@: on blink cooldown, lightly drained
A: no striking features
a: Renounce Religion


You were on level 8 of the Dungeon.
You worshipped Vehumet.
Vehumet was pleased with you.
You visited 2 branches of the dungeon, and saw 9 of its levels.

You collected 361 gold pieces.

Inventory:

Hand Weapons
 B - the +2 flail "Vieggeti" (weapon) {venom, Will+ rCorr Stlth+}
   (You found it on level 6 of the Dungeon)

   Will+:     It increases your willpower.
   rCorr:     It protects you from acid and corrosion.
   Stlth+:    It makes you more stealthy.
 C - a +0 dire flail of pain
Missiles
 n - 4 curare-tipped darts
 o - a throwing net
Armour
 b - the +3 leather armour "Ikkipreaka" (worn) {rElec rN+ rCorr}
   (You found it on level 7 of the Dungeon)

   rElec:     It insulates you from electricity.
   rN+:       It protects you from negative energy.
   rCorr:     It protects you from acid and corrosion.
 u - a +2 hat (worn)
 E - +0 steam dragon scales
Magical Staves
 D - a staff of alchemy
Jewellery
 p - a ring of willpower (left hand)
 q - a ring of ice
 r - an amulet of magic regeneration (around neck)
Wands
 i - a wand of flame (11)
 w - a wand of paralysis (11)
Scrolls
 c - a scroll of amnesia {unknown}
 e - 2 scrolls of revelation {unknown}
 g - 7 scrolls of identify {unknown}
 j - 5 scrolls of noise {unknown}
 k - 3 scrolls of teleportation {unknown}
 s - a scroll of torment {unknown}
 t - 2 scrolls of immolation {unknown}
 v - 2 scrolls of enchant armour {unknown}
 y - a scroll of poison {unknown}
 F - a scroll of fear {unknown}
Potions
 a - 3 potions of heal wounds {unknown}
 d - a potion of magic
 f - 3 potions of ambrosia {unknown}
 h - 4 potions of curing {unknown}
 l - 2 potions of attraction {unknown}
 m - a potion of lignification {unknown}
 x - a potion of resistance {unknown}
 z - a potion of invisibility {unknown}
 A - 3 potions of berserk rage {unknown}
 G - a potion of brilliance {unknown}


   Skills:
 - Level 4.0 Fighting
 + Level 3.4 Armour
 - Level 3.0 Dodging
 - Level 3.0 Stealth
 * Level 13.2 Spellcasting
 + Level 7.4 Conjurations
 - Level 1.1 Summonings
 + Level 4.5 Necromancy
 - Level 1.1 Translocations
 - Level 1.0 Air Magic
 - Level 1.0 Alchemy
 - Level 1.2 Evocations


You had 15 spell levels left.
You knew the following spells:

 Your Spells              Type           Power      Damage    Failure   Level
a - Magic Dart            Conj           100%       1d8       1%          1
b - Mephitic Cloud        Conj/Alch/Air  31%        N/A       4%          3
c - Call Imp              Summ           42%        N/A       5%          2
d - Blink                 Tloc           42%        N/A       5%          2
e - Iskenderun's Battles  Conj           51%        2d10      7%          5
f - Orb of Destruction    Conj           25%        9d9       91%         7

Your spell library contained the following spells:

 Spells                   Type           Power      Damage    Failure   Level
 Scorch                   Fire           30%        2d6       9%          2
 Momentum Strike          Conj/Tloc      72%        3d10      1%          2
 Cigotuvi's Dreadful Rot  Necr/Alch/Air  52%        N/A       3%          2
 Slow                     Hex            60%        N/A       5%          1
 Lesser Beckoning         Tloc           42%        N/A       5%          2
 Brom's Barrelling Bould  Conj/Erth      33%        2d5       12%         4
 Fireball                 Conj/Fire      16%        3d8       32%         5
 Leda's Liquefaction      Alch/Erth      9%         N/A       41%         4
 Petrify                  Alch/Erth      18%        N/A       41%         4
 Conjure Ball Lightning   Conj/Air       18%        3x3d6     82%         6
 Metabolic Englaciation   Hex/Ice        7%         N/A       83%         5


Dungeon Overview and Level Annotations

Branches:
Dungeon (8/15)             Temple (1/1) D:5
   Lair: D:8-11

Altars:
Ashenzari
Cheibriados
Dithmenos
Elyvilon
Fedhas
Gozag
Hepliaklqana
Kikubaaqudgha
Makhleb
Okawaru
Qazlal
Sif Muna
Trog
Uskayaw
Vehumet
Wu Jian
Xom
Yredelemnul
Zin
The Shining One

Shops:
D:1 :   D:3 *   D:4 ([(


Message History

The yak gores your battlesphere.
Unknown command.
Casting: Blink (safe; 5% risk of failure)
Confirm with . or Enter, or press ? or * to list all spells.
Aiming: Magic Dart (safe; 1% risk of failure)
Press: ? - help, Shift-Dir - straight line, f/p - yak
Aim: a yak (heavily wounded, confused, ally target, 100% to hit)
Okay, then.
Unknown command.
Aiming: Paralyse
Press: ? - help, Shift-Dir - straight line, f - wight, p - yak
Aim: a wight, wielding a +0 great sword and wearing a +1 robe of willpower (chance to affect: 19%)
The wight resists with almost no effort.
The wight misses you.
Unknown command.
Unknown command.
Casting: Magic Dart (safe; 1% risk of failure)
Confirm with . or Enter, or press ? or * to list all spells.
Aiming: Magic Dart (safe; 1% risk of failure)
Press: ? - help, Shift-Dir - straight line, f/p - wight
Aim: a wight, wielding a +0 great sword and wearing a +1 robe of willpower (100% to hit)
The magic dart hits the wight but does no damage.
Your battlesphere fires!
The barrage of energy hits the goblin!
You kill the goblin!
Vehumet accepts your kill.
You feel your power returning.
The wight hits you with a +0 great sword!
* * * LOW HITPOINT WARNING * * *
You partially resist.
You feel drained. The yak closely misses you.
Unknown command.
Casting: Magic Dart (safe; 1% risk of failure)
Confirm with . or Enter, or press ? or * to list all spells.
Aiming: Magic Dart (safe; 1% risk of failure)
Press: ? - help, Shift-Dir - straight line, f/p - wight
Aim: a wight, wielding a +0 great sword and wearing a +1 robe of willpower (100% to hit)
The magic dart hits the wight!
The wight is heavily damaged.
The wight hits you with a +0 great sword!
You die...

#.##.## #.##..# . #.....## ..
#.##...# ####... #.##.#.##
....... #.##....# ###### .....#
#.###.#.#####...*#######.....##
#.# #..........z.○○.)((†.).....
#.# #####.###..Y@#######$....##
#.##### #..####### .!)..#
).....# ##... ...o... ......#
#### ###.... ......# ....
#'##### ... #.# .. ..# ###


You could see a yak (confused), a wight and a friendly battlesphere (wandering).

Vanquished Creatures
  A wyvern (D:7)
  2 yaks (D:8)
  2 steam dragons
  Edmund (D:6)
  Duvessa (D:6)
  An acid dragon (D:6)
  An ice beast (D:6)
  A black bear (D:7)
  2 sky beasts
  An ogre (D:5)
  3 centaurs
  A phantom (D:6)
  4 kobold brigands
  A bullfrog (D:5)
  5 scorpions
  A gnoll sergeant (D:7)
  6 wights (D:8)
  Dowan (D:6)
  A howler monkey (D:6)
  2 hounds (D:5)
  3 orc priests
  2 jellies
  A gnoll bouda (D:7)
  2 sleepcaps (D:5)
  Jessica (D:2)
  3 iguanas
  Natasha (thrice) (D:4)
  Terence (D:3)
  3 orc wizards
  Robin (D:3)
  4 adders
  19 gnolls
  A white imp (D:6)
  3 ribbon worms
  11 orcs
  6 ball pythons
  A bat (D:2)
  5 endoplasms
  2 giant cockroaches (D:1)
  18 goblins
  8 hobgoblins
  12 jackals
  3 quokkas
  2 frilled lizards (D:2)
  19 kobolds
  A rat (D:3)
173 creatures vanquished.

Vanquished Creatures (collateral kills)
  2 yaks (D:8)
  An orc (D:5)
3 creatures vanquished.

Grand Total: 176 creatures vanquished

Notes
Turn   | Place    | Note
-------+----------+-------------------------------------------
     0 | D:1      | pokeman the Deep Elf Hedge Wizard began the quest for the
                  | Orb.
     0 | D:1      | Reached XP level 1. HP: 10/10 MP: 7/7
    60 | D:1      | Found Ximuf's Book Shoppe.
   385 | D:1      | Reached XP level 2. HP: 15/15 MP: 6/9
  1058 | D:1      | Reached skill level 5 in Spellcasting
  1492 | D:2      | Reached XP level 3. HP: 20/20 MP: 9/11
  1496 | D:2      | Learned a level 3 spell: Mephitic Cloud
  1499 | D:2      | Learned a level 2 spell: Call Imp
  1502 | D:2      | Learned a level 2 spell: Blink
  1569 | D:2      | Noticed Jessica
  1577 | D:2      | Killed Jessica
  1578 | D:2      | Reached skill level 1 in Fighting
  1578 | D:2      | Reached skill level 1 in Armour
  2218 | D:3      | Found a faded altar of an unknown god.
  2232 | D:3      | Reached XP level 4. HP: 25/25 MP: 7/13
  2236 | D:3      | Noticed a scorpion
  2245 | D:3      | Killed a scorpion
  2246 | D:3      | Reached skill level 6 in Spellcasting
  2391 | D:3      | Found Dacif's General Store.
  2490 | D:3      | Reached XP level 5. HP: 28/29 MP: 12/15
  2741 | D:3      | Noticed Robin
  2774 | D:3      | Killed Robin
  2775 | D:3      | Reached skill level 1 in Alchemy
  3146 | D:3      | Noticed Terence
  3162 | D:3      | Killed Terence
  3163 | D:3      | Reached skill level 1 in Air Magic
  3177 | D:3      | Learned a level 5 spell: Iskenderun's Battlesphere
  3353 | D:3      | Reached XP level 6. HP: 34/34 MP: 14/17
  3735 | D:4      | Found Xiutoid's Antique Armour Shoppe.
  3735 | D:4      | Found Hyfinuawka's Antique Weapon Shoppe.
  3736 | D:4      | Found Duromaeng's Weapon Shoppe.
  3755 | D:4      | Noticed Natasha
  3765 | D:4      | Killed Natasha
  3896 | D:4      | Reached skill level 7 in Spellcasting
  3898 | D:4      | Noticed Natasha
  3902 | D:4      | Killed Natasha
  4367 | D:4      | Noticed Natasha
  4374 | D:4      | Killed Natasha
  4417 | D:4      | Reached skill level 8 in Spellcasting
  4417 | D:4      | Reached XP level 7. HP: 40/40 MP: 18/20
  4542 | D:4      | Found a hide-covered altar of Uskayaw.
  4699 | D:5      | Entered Level 5 of the Dungeon
  4860 | D:5      | Found a staircase to the Ecumenical Temple.
  4869 | Temple   | Entered the Ecumenical Temple
  4939 | Temple   | Became a worshipper of Vehumet
  5352 | D:5      | Reached skill level 9 in Spellcasting
  5522 | D:5      | Found a bloodstained altar of Trog.
  5668 | D:5      | Reached skill level 1 in Evocations
  5668 | D:5      | Reached XP level 8. HP: 37/44 MP: 20/23
  5672 | D:5      | Reached * piety under Vehumet
  5672 | D:5      | Offered knowledge of Shock by Vehumet.
  5716 | D:5      | Reached skill level 5 in Conjurations
  5766 | D:5      | Reached skill level 10 in Spellcasting
  6081 | D:5      | Found a hazy altar of Hepliaklqana.
  6165 | D:6      | Noticed Duvessa
  6168 | D:6      | Noticed Dowan
  6183 | D:6      | Killed Duvessa
  6192 | D:6      | Killed Dowan
  6512 | D:6      | Identified the +2 flail "Vieggeti" {venom, Will+ rCorr
                  | Stlth+}
  6555 | D:6      | Noticed Edmund
  6586 | D:6      | Killed Edmund
  6587 | D:6      | Reached skill level 11 in Spellcasting
  6781 | D:6      | Reached skill level 1 in Necromancy
  6781 | D:6      | Reached XP level 9. HP: 50/50 MP: 24/26
  6789 | D:6      | Learned a level 7 spell: Orb of Destruction
  7477 | D:7      | Reached skill level 12 in Spellcasting
  7899 | D:7      | Identified the +3 leather armour "Ikkipreaka" {rElec rN+
                  | rCorr}
  8051 | D:7      | Found a blossoming altar of Fedhas.
  8205 | D:8      | Offered knowledge of Scorch by Vehumet.
  8273 | D:8      | Reached ** piety under Vehumet
  8358 | D:8      | Reached skill level 13 in Spellcasting
  8382 | D:8      | Reached XP level 10. HP: 13/56 MP: 29/29
  8402 | D:8      | Slain by a wight

Illustrated notes

Levels and vault maps discovered:
D:1:      dpeg_arrival_prison, layout_loops_ring, serial_shops,
          nicolae_shop_pleasant_corner_grove, kennysheep_nondescript,
          minmay_misc_feat_nine_boxes
D:2:      layout_basic, kennysheep_generic_room_12, uniq_jessica
D:3:      layout_loops_corners, serial_shops, nicolae_shop_gibbet_a_chance,
          chequers_ecumenical_altar_island, serial_bayou_pond_e,
          kennysheep_big_empty_room, uniq_robin, uniq_terence
D:4:      layout_loops_ring, nicolae_uskayaw_suspiria, grunt_ministairs_9,
          nicolae_shop_distant_corner_stores, uniq_natasha
D:5:      cheibrodos_thug_alley, layout_loops_ring, marbit_many_paths,
          mainiacjoe_overflow_alcove_1, minmay_temple_entry_mini_moons,
          chequers_serial_rivers_micro_a, minmay_starry_boxes
D:6:      layout_cave_pods, nicolae_tricolors, uniq_duvessa, uniq_edmund
D:7:      layout_loops_ring, lemuel_round_altar
D:8:      layout_basic, nicolae_ru_path_of_blood, enter_bailey_5, uniq_pikel
Temple:   minmay_temple_bridge_d

Skill      XL: |  1  2  3  4  5  6  7  8  9 |
---------------+----------------------------+-----
Spellcasting   | 5 6 8 9 11 13 | 13.2
Fighting       | 1 2 3 4 |  4.0
Armour         | 1 2 3 |  3.4
Conjurations   | 2 3 4 6 7 |  7.4
Stealth        | 3 |  3.0
Dodging        | 3 |  3.0
Alchemy        | 1 |  1.0
Air Magic      | 1 |  1.0
Evocations     | 1 |  1.2
Necromancy     | 1 4 |  4.5
Summonings     | |  1.1
Translocations | |  1.1

Action                     |  1- 3 |  4- 6 |  7- 9 | 10-12 || total
---------------------------+-------+-------+-------+-------++-------
  Melee: Dagger            |    15 |       |       |       ||    15
         Whip              |       |    60 |    81 |       ||   141
         Flail             |       |       |    40 |     1 ||    41
   Cast: Magic Dart        |    95 |    78 |   175 |     4 ||   352
         Mephitic Cloud    |     2 |    10 |    27 |     2 ||    41
         Call Imp          |     1 |     1 |     4 |       ||     6
         Iskenderun's Batt |       |       |    15 |     1 ||    16
         Blink             |       |       |       |     1 ||     1
  Evoke: Wand              |       |       |       |     1 ||     1
   Stab: Confused          |     1 |    11 |    19 |       ||    31
 Armour: Robe              |    22 |    26 |    58 |       ||   106
         Leather armour    |       |       |    24 |     3 ||    27
         Steam dragon scal |       |       |    19 |       ||    19
  Dodge: Dodged            |    15 |    41 |    91 |     5 ||   152

Table legend: (Time is in decaauts)
 A = Elapsed time spent in this place.
 B = Non-inter-level travel time spent in this place.
 C = Inter-level travel time spent in this place.
 D = Time resting spent in this place.
 E = Time spent auto-exploring this place.
 F = Levels seen in this place.
 G = Mean time per level.
                   A        B        C        D        E       F      G
               +--------+--------+--------+--------+--------+-----+--------+
         Total |   8441 |   7901 |    540 |    100 |   6365 |   9 |  937.9 |
       Dungeon |   8301 |   7899 |    402 |    100 |   6365 |   8 | 1037.6 |
        Temple |    140 |      2 |    138 |      0 |      0 |   1 |  140.0 |
               +--------+--------+--------+--------+--------+-----+--------+

Top non-repeatable levels by time:
     D:3: 1559 daAuts
     D:5: 1333 daAuts
     D:1: 1258 daAuts
     D:6: 1166 daAuts
     D:4: 1040 daAuts
     D:7: 860 daAuts
     D:2: 853 daAuts
     D:8: 229 daAuts
  Temple: 140 daAuts
